Map: Abyssal Reef LE

Players

Harstem - Winner!

  • Race: Protoss Protoss
  • Spawn Location: 11:00

Stats

  • Race: Protoss Protoss
  • Spawn Location: 5:00

Event: IEM XI Katowice - World Championship 2017

VOD

Have the link to the VOD?

Description

Time

  • Played on: March 2, 2017, 1:34 p.m.
  • Length: 12:41

All games in this series

Show
View Real Time Build Order
Export as new Build Order

Harstem Protoss - Winner!

Build Orders: Oracle Opening 

Get SALT Encoding   

  12  0:00  Probe (Chrono Boost)  
  13  0:11  Probe (Chrono Boost)  
  14  0:17  Pylon  
  14  0:22  Probe (Chrono Boost)  
  16  0:36  Probe (Chrono Boost)  
  16  0:38  Gateway  
  16  0:46  Probe (Chrono Boost)  
  16  0:47  Assimilator  
  17  0:53  Assimilator  
  17  0:57  Probe (Chrono Boost)  
  18  1:07  Probe (Chrono Boost)  
  18  1:08  Gateway  
  19  1:18  Probe (Chrono Boost)  
  20  1:25  Cybernetics Core  
  20  1:28  Probe (Chrono Boost)  
  20  1:32  Pylon  
  21  1:39  Probe (Chrono Boost)  
  22  1:49  Probe (Chrono Boost)  
  23  1:57  Warp Gate  
  23  1:59  Stalker  
  27  2:09  Pylon  
  27  2:24  Nexus  
  25  2:33  Stargate  
  25  2:39  Probe (Chrono Boost)  
  26  2:46  Stalker  
  29  2:52  Probe (Chrono Boost)  
  29  3:03  Probe (Chrono Boost)  
  30  3:11  Pylon  
  30  3:14  Oracle  
  30  3:15  Mothership Core (Chrono Boost)  
  36  3:34  Probe (Chrono Boost)  
  36  3:36  Probe (Chrono Boost)  
  37  3:42  Robotics Facility  
  37  3:44  Probe (Chrono Boost)  
  37  3:47  Probe (Chrono Boost)  
  42  3:55  Probe (Chrono Boost)  
  42  3:58  Probe (Chrono Boost)  
  42  4:00  Assimilator  
  43  4:05  Pylon  
  43  4:06  Probe (Chrono Boost)  
  43  4:09  Probe (Chrono Boost)  
  45  4:16  Probe (Chrono Boost)  
  44  4:17  Void Ray  
  44  4:20  Probe (Chrono Boost)  
  49  4:27  Immortal  
  49  4:28  Probe (Chrono Boost)  
  49  4:30  Probe (Chrono Boost)  
  56  4:40  Probe (Chrono Boost)  
  56  4:41  Pylon  
  56  4:44  Probe (Chrono Boost)  
  56  4:45  Adept, Sentry  
  59  4:50  Pylon  
  61  4:54  Assimilator  
  61  4:56  Probe (Chrono Boost)  
  62  5:07  Immortal  
  62  5:09  Probe (Chrono Boost)  
  62  5:10  Probe (Chrono Boost)  
  68  5:19  Pylon  
  68  5:20  Probe x2 (Chrono Boost)  
  70  5:27  Void Ray  
  70  5:31  Probe (Chrono Boost)  
  70  5:32  Probe (Chrono Boost)  
  76  5:38  Pylon  
  76  5:42  Stargate  
  77  5:43  Probe (Chrono Boost)  
  77  5:44  Observer  
  77  5:49  Adept, Sentry  
  82  5:52  Probe (Chrono Boost)  
  83  6:05  Robotics Bay  
  83  6:09  Immortal  
  83  6:10  Nexus  
  87  6:25  Probe (Chrono Boost)  
  89  6:26  Probe (Chrono Boost), Void Ray  
  93  6:37  Pylon, Probe (Chrono Boost)  
  93  6:39  Pylon, Probe (Chrono Boost)  
  95  6:40  Forge  
  95  6:43  Void Ray  
  99  6:49  Pylon  
  100  6:54  Probe (Chrono Boost)  
  100  6:55  Disruptor  
  100  6:57  Probe (Chrono Boost)  
  104  7:01  Pylon  
  104  7:05  Protoss Air Weapons Level 1  
  104  7:11  Void Ray  
  108  7:20  Assimilator  
  108  7:24  Assimilator  
  108  7:26  Photon Cannon  
  108  7:29  Photon Cannon  
  109  7:32  Void Ray  
  110  7:42  Probe (Chrono Boost)  
  113  7:47  Probe x2 (Chrono Boost)  
  115  7:54  Probe (Chrono Boost)  
  115  7:55  Disruptor  
  115  7:57  Probe (Chrono Boost)  
  118  7:59  Pylon, Probe (Chrono Boost)  
  118  8:01  Void Ray  
  118  8:05  Probe (Chrono Boost)  
  126  8:08  Probe (Chrono Boost)  
  126  8:10  Adept x2  
  126  8:11  Photon Cannon  
  126  8:12  Pylon  
  131  8:16  Void Ray  
  131  8:26  Disruptor  
  135  8:29  Photon Cannon  
  138  8:41  Zealot  
  140  8:45  Adept  
  142  8:50  Void Ray  
  142  8:55  Probe (Chrono Boost)  
  143  8:56  Probe (Chrono Boost), Photon Cannon  
  143  8:57  Disruptor  
  143  9:00  Fleet Beacon  
  151  9:03  Photon Cannon x2  
  151  9:04  Probe (Chrono Boost)  
  151  9:08  Void Ray  
  149  9:32  Carrier  
  149  9:37  Stargate  
  149  9:45  Pylon, Probe (Chrono Boost)  
  156  9:46  Protoss Air Weapons Level 2  
  156  9:48  Pylon  
  156  9:49  Pylon  
  156  9:59  Carrier  
  156  10:04  Photon Cannon  
  156  10:05  Photon Cannon  
  156  10:12  Nexus  
  156  10:42  Carrier  
  168  10:48  Probe (Chrono Boost)  
  169  10:50  Photon Cannon  
  169  10:51  Photon Cannon  
  169  10:52  Photon Cannon  
  169  10:53  Photon Cannon  
  169  10:55  Photon Cannon  
  169  10:56  Nexus  
  169  11:01  Pylon  
  169  11:03  Carrier  
  170  11:05  Probe (Chrono Boost)  
  170  11:13  Carrier  
  170  11:18  Adept x2  
  185  11:35  Probe (Chrono Boost)  
  180  11:59  Probe x2 (Chrono Boost)  
  180  12:01  Photon Cannon  
  182  12:03  Assimilator  
  182  12:06  Photon Cannon  
  188  12:10  Assimilator  
Show
View Real Time Build Order
Export as new Build Order

Stats Protoss 

Build Orders:  

Get SALT Encoding   

  12  0:01  Probe (Chrono Boost)  
  13  0:11  Probe (Chrono Boost)  
  14  0:17  Pylon  
  14  0:22  Probe (Chrono Boost)  
  15  0:35  Probe (Chrono Boost)  
  16  0:36  Gateway  
  16  0:41  Assimilator  
  16  0:46  Probe (Chrono Boost)  
  17  0:51  Assimilator  
  17  0:56  Probe (Chrono Boost)  
  18  1:07  Gateway, Probe (Chrono Boost)  
  19  1:17  Probe (Chrono Boost)  
  20  1:23  Cybernetics Core  
  20  1:28  Probe (Chrono Boost)  
  20  1:32  Pylon  
  21  1:38  Probe (Chrono Boost)  
  22  1:49  Probe (Chrono Boost)  
  23  1:54  Warp Gate  
  23  2:00  Mothership Core (Chrono Boost)  
  29  2:14  Nexus  
  25  2:23  Stalker  
  27  2:30  Stalker  
  27  2:35  Probe (Chrono Boost)  
  30  2:41  Pylon  
  30  2:48  Probe (Chrono Boost)  
  31  2:59  Stalker  
  31  3:00  Probe (Chrono Boost)  
  31  3:03  Sentry  
  36  3:10  Probe (Chrono Boost)  
  37  3:16  Robotics Facility  
  37  3:21  Probe (Chrono Boost)  
  38  3:28  Probe (Chrono Boost)  
  38  3:32  Probe (Chrono Boost)  
  40  3:38  Probe (Chrono Boost)  
  41  3:41  Pylon  
  41  3:42  Probe (Chrono Boost)  
  42  3:49  Probe (Chrono Boost)  
  42  3:50  Twilight Council  
  42  3:53  Probe (Chrono Boost)  
  44  3:59  Probe (Chrono Boost), Sentry  
  44  4:02  Stalker  
  49  4:03  Observer  
  49  4:05  Probe (Chrono Boost)  
  51  4:10  Probe (Chrono Boost)  
  51  4:14  Pylon  
  51  4:17  Probe (Chrono Boost)  
  53  4:20  Probe (Chrono Boost)  
  53  4:22  Observer  
  54  4:29  Assimilator, Probe (Chrono Boost)  
  54  4:31  Assimilator, Probe (Chrono Boost)  
  57  4:36  Pylon  
  57  4:37  Blink  
  57  4:41  Probe (Chrono Boost)  
  57  4:44  Probe (Chrono Boost)  
  60  4:53  Probe (Chrono Boost)  
  60  4:55  Probe (Chrono Boost)  
  60  4:57  Gateway  
  60  4:58  Gateway, Forge  
  61  5:02  Immortal  
  61  5:05  Probe (Chrono Boost)  
  61  5:07  Probe (Chrono Boost)  
  67  5:15  Stalker x2  
  67  5:19  Protoss Ground Weapons Level 1  
  71  5:26  Pylon  
  71  5:38  Robotics Bay  
  71  5:43  Nexus  
  71  5:45  Pylon  
  71  5:47  Immortal  
  75  5:59  Probe x2 (Chrono Boost)  
  77  6:08  Stalker  
  77  6:09  Stalker  
  81  6:13  Probe x2 (Chrono Boost)  
  81  6:14  Stalker x2  
  87  6:21  Disruptor  
  89  6:25  Probe (Chrono Boost)  
  89  6:26  Probe (Chrono Boost)  
  89  6:27  Pylon  
  92  6:39  Probe x2 (Chrono Boost)  
  94  6:44  Pylon  
  94  6:46  Resonating Glaives  
  94  6:51  Probe x2 (Chrono Boost)  
  94  6:52  Disruptor  
  96  6:57  Protoss Ground Weapons Level 2  
  96  6:58  Probe (Chrono Boost)  
  96  7:01  Phoenix  
  101  7:03  Probe x2 (Chrono Boost)  
  101  7:04  Gateway  
  101  7:05  Gateway  
  102  7:09  Assimilator  
  102  7:12  Assimilator  
  102  7:13  Probe (Chrono Boost)  
  102  7:15  Probe x2 (Chrono Boost)  
  105  7:18  Gateway  
  105  7:19  Gateway  
  105  7:23  Probe (Chrono Boost)  
  105  7:24  Warp Prism  
  108  7:32  Photon Cannon  
  108  7:34  Pylon  
  108  7:38  Templar Archives  
  108  7:45  Adept x4  
  116  8:00  Pylon  
  116  8:02  Probe (Chrono Boost)  
  116  8:03  Probe x2 (Chrono Boost)  
  119  8:12  Stalker x6  
  127  8:16  Stalker  
  127  8:19  Disruptor  
  133  8:21  Stalker  
  133  8:22  Pylon  
  133  8:23  Pylon  
  133  8:25  Pylon  
  138  8:37  Pylon  
  138  8:51  Warp Prism  
  138  8:53  Nexus  
  134  8:59  Stargate  
  132  9:09  Stalker x3  
  136  9:10  Stalker x5  
  146  9:17  Pylon  
  146  9:18  Protoss Ground Weapons Level 3  
  146  9:20  Pylon  
  146  9:32  Protoss Air Weapons Level 1  
  144  9:40  High Templar x2  
  148  9:46  Void Ray  
  148  9:48  Stargate  
  148  9:49  Stargate  
  152  9:55  Probe (Chrono Boost)  
  152  9:57  Adept x2, Probe x2 (Chrono Boost)  
  152  9:58  Assimilator, Adept x2  
  163  10:03  Assimilator  
  163  10:15  Fleet Beacon  
  163  10:20  Probe x2 (Chrono Boost)  
  167  10:22  Probe x2 (Chrono Boost)  
  154  10:41  Void Ray x2  
  154  10:42  Void Ray, Warp Prism  
  150  10:43  Adept x4  
  172  10:59  Adept x3  
  172  11:00  Adept  
  169  11:19  Void Ray x2  
  169  11:21  Void Ray  
  177  11:26  Archon  
  169  11:34  Disruptor  
  162  11:43  Adept x6  
  162  11:44  Adept x2  
  172  11:55  Nexus, Pylon  
  172  11:56  Pylon  
  172  11:57  Pylon x2  
  172  11:58  Pylon  
  172  11:59  Pylon  
  160  12:33  Stalker x4  
  160  12:34  Stalker  

Tags
 
Add a new tag
Caveats
  • Supply blocks, unpowered buildings, or Contaminate may cause inaccurate times.
  • Supply counts are checked every 10 seconds.